 Dungeon Crawl Stone Soup version 0.24-a0-201-gf2055891f0 (webtiles) character file.

Game seed: 15657574154555397974

252 MrRokkomies the Skirmisher (level 6, -1/60 HPs)
             Began as an Ogre Hunter on Mar 22, 2019.
             Was a Plaything of Xom.
             Killed from afar by an orc wizard (13 damage)
             ... with a puff of frost
             ... on level 5 of the Dungeon.
             The game lasted 00:06:26 (3097 turns).

MrRokkomies the Skirmisher (Ogre Hunter)            Turns: 3097, Time: 00:06:27

Health: -1/60      AC:  2    Str: 17    XL:     6   Next: 14%
Magic:  6/6        EV: 10    Int: 12    God:    Xom [.*....]
Gold:   165        SH:  0    Dex: 11    Spells: 2/5 levels left

rFire    . . .     SeeInvis .   a - +2 spear (freeze)
rCold    . . .     Gourm    .   (no shield)
rNeg     . . .     Faith    .   b - +0 robe
rPois    .         Spirit   .   (helmet restricted)
rElec    .         Reflect  .   (no cloak)
rCorr    .         Harm     .   (gloves unavailable)
MR       .....                  (boots unavailable)
Stlth    +.........             (no amulet)
HPRegen  0.20/turn              (no ring)
MPRegen  0.10/turn              (no ring)

@: no status effects
A: large, unfitting armour, deformed body, frail 1, tough skin 1
a: Renounce Religion


You were on level 5 of the Dungeon.
You worshipped Xom.
You were a plaything of Xom.
You were not hungry.

You visited 1 branch of the dungeon, and saw 5 of its levels.

You collected 165 gold pieces.

Inventory:

Hand Weapons
 a - a +2 spear of freezing (weapon)
 j - a +0 short sword
Missiles
 c - 5 large rocks
 d - 2 throwing nets
 e - 131 stones (quivered)
 h - 4 silver tomahawks
 l - 15 poisoned needles
 m - 2 javelins
Armour
 b - a +0 robe (worn)
Scrolls
 i - a scroll of enchant armour {unknown}
 t - 2 scrolls of magic mapping
Potions
 g - a potion of magic
 k - a potion of haste
 n - a potion of ambrosia
 o - a potion of brilliance
 r - a potion of agility
 s - a potion of flight {unknown}
Comestibles
 f - 4 rations
 p - a chunk of flesh


   Skills:
 * Level 6.1 Fighting
 * Level 5.8 Throwing
 - Level 1.7 Dodging
 - Level 0.6 Stealth


You had 2 spell levels left.
You knew the following spells:

 Your Spells              Type           Power        Failure   Level  Hunger
a - Animate Skeleton      Necr           N/A          32%         1    ##.....
b - Apportation           Tloc           #.....       32%         1    ##.....
c - Confusing Touch       Hex            #.....       32%         1    ##.....

Your spell library contained the following spells:

 Spells                   Type           Power        Failure   Level  Hunger
 Summon Small Mammal      Summ           #...         32%         1    ##.....


Dungeon Overview and Level Annotations

Branches:
Dungeon (4/15)
 Temple: D:4-7

Altars:
Xom
Zin


Innate Abilities, Weirdness & Mutations

You are too large for most types of armour.
You have tough skin. (AC +1)
Armour fits poorly on your strangely shaped body.
You are frail. (-10% HP)


Message History

You hear some strange, mumbled words.
A puff of frost appears from out of thin air!
The puff of frost misses you.
You closely miss something. Something hits you.
* * * LOW HITPOINT WARNING * * *
Something hits you.
* * * LOW HITPOINT WARNING * * *
You barely miss something. Something hits you but does no damage.
You hear some strange, mumbled words.
A magic dart appears from out of thin air!
The magic dart hits you!
* * * LOW HITPOINT WARNING * * *
You feel better.
An orc wizard appears from thin air!
Reactivating autopickup.
The orc wizard hits you but does no damage.
You barely miss the orc wizard.
The orc wizard gestures at you while chanting.
The puff of frost hits you!
You die...
Xom roars with laughter!

..........^........#
...................#
.%.....o...........#
....o..............#
###########........#
........#........#
........)........#
........#o.......#
...##+###@.......# .
#.............#
#.............#
#........)....#
#.............#
#.....######+##
#.....# ....#
#.....# ....#
#.....# ...#


You could see an orc wizard.

Vanquished Creatures
  An orc wizard (D:5)
  A worker ant (D:4)
  5 adders
  A worm (D:2)
  A dart slug (D:1)
  3 leopard geckos
  9 orcs
  2 giant cockroaches (D:2)
  8 goblins
  8 hobgoblins
  4 jackals (D:1)
  4 quokkas
  6 bats
  4 frilled lizards
  7 kobolds
  4 rats
68 creatures vanquished.

Vanquished Creatures (collateral kills)
  An ogre (D:5)
  A crimson imp (D:5)
2 creatures vanquished.

Grand Total: 70 creatures vanquished

Notes
Turn   | Place    | Note
-------+----------+-------------------------------------------
     0 | D:1      | MrRokkomies the Ogre Hunter began the quest for the Orb.
     0 | D:1      | Reached XP level 1. HP: 22/22 MP: 1/1
   300 | D:1      | Reached skill level 3 in Fighting
   320 | D:1      | Reached XP level 2. HP: 31/31 MP: 2/2
  1114 | D:2      | Reached XP level 3. HP: 33/39 MP: 3/3
  1297 | D:2      | Reached skill level 4 in Fighting
  1416 | D:2      | Reached XP level 4. HP: 44/49 MP: 4/4
  1702 | D:2      | Found a faded altar of an unknown god.
  1716 | D:2      | Became a worshipper of Xom of Chaos
  1739 | D:2      | Reached skill level 5 in Throwing
  2108 | D:3      | XOM: cloud trail
  2235 | D:3      | XOM: harmless Hex miscast
  2332 | D:3      | Found a glowing silver altar of Zin.
  2334 | D:3      | Noticed an angel
  2339 | D:3      | Found a shimmering altar of Xom.
  2637 | D:3      | XOM: harmless Erth miscast
  2655 | D:3      | XOM: torment (26/49 hp)
  2664 | D:3      | XOM: give mutations
  2664 | D:3      | Gained mutation: You are frail. (-10% HP) [Xom's mischief]
  2664 | D:3      | Gained mutation: Armour fits poorly on your strangely
                  | shaped body. [Xom's mischief]
  2886 | D:4      | Reached skill level 5 in Fighting
  2887 | D:4      | Reached XP level 5. HP: 51/51 MP: 5/5
  2989 | D:4      | You fall through a shaft!
  2989 | D:5      | Entered Level 5 of the Dungeon
  2999 | D:5      | Learned a level 1 spell: Animate Skeleton
  3001 | D:5      | Learned a level 1 spell: Apportation
  3003 | D:5      | XOM: summons 5 friendly demons
  3006 | D:5      | Learned a level 1 spell: Confusing Touch
  3025 | D:5      | Noticed an ogre
  3029 | D:5      | Killed an ogre
  3068 | D:5      | Reached skill level 6 in Fighting
  3068 | D:5      | Reached XP level 6. HP: 47/60 MP: 6/6
  3097 | D:5      | Killed from afar by an orc wizard

Levels and vault maps discovered:
D:1:      eino_arrival_cavern_d, layout_loops_ring, grunt_decor_mini_mirrors
D:2:      minmay_skewed_foursquare, layout_loops_corners,
          chequers_ecumenical_altar_simple_redux
D:3:      layout_basic, grunt_temple_overflow_order_and_chaos_1
D:4:      layout_cave_pools, chequers_temple_overflow_statue_of_worship,
          temple_hall, serial_shops, shop, minivault_26, minmay_cupped,
          uniq_blork_the_orc
D:5:      layout_gridville, kennysheep_mini_moat, overflow_temple_1_default,
          portal_sewer_entry_a, first_ration, hex_large

Skill      XL: |  1  2  3  4  5 |
---------------+----------------+-----
Fighting       | 3 4 5 6 |  6.1
Throwing       | 5 |  5.8
Dodging        | |  1.7
Stealth        | |  0.6

Action                   |  1- 3 |  4- 6 || total
-------------------------+-------+-------++-------
Melee: Short sword       |    10 |       ||    10
       Spear             |   100 |    74 ||   174
Throw: Javelin           |       |     4 ||     4
       Stone             |       |     3 ||     3
       Large rock        |       |     2 ||     2
  Use: Scroll            |     7 |     6 ||    13
       Potion            |       |     2 ||     2
 Stab: Sleeping          |     2 |     3 ||     5
       Distracted        |       |     1 ||     1
  Eat: Chunk             |     1 |     6 ||     7
Armor: Robe              |    29 |     8 ||    37
Dodge: Dodged            |    33 |    20 ||    53

Table legend:
 A = Non-vault XP
 B = Vault XP
 C = Vault XP percentage of total XP
 D = Non-vault monster count
 E = Vault monster count
 F = Vault count percentage of total count
                 A         B        C        D         E       F
            +---------+---------+-------+---------+---------+-------
      Total |     341 |      20 |   5.5 |      66 |       4 |   5.7
            +---------+---------+-------+---------+---------+-------
        D:1 |      28 |       0 |   0.0 |      18 |       0 |   0.0
        D:2 |      69 |      20 |  22.5 |      20 |       4 |  16.7
        D:3 |      42 |       0 |   0.0 |      15 |       0 |   0.0
        D:4 |      48 |       0 |   0.0 |       6 |       0 |   0.0
        D:5 |     154 |       0 |   0.0 |       7 |       0 |   0.0
            +---------+---------+-------+---------+---------+-------
